 Dungeon Crawl Stone Soup version 0.26.1-11-gd32895ea62 (webtiles) character file.

Game seed: 766357247310017704

17 Goaboa the Sneak (level 2, -3/18 HPs)
             Began as an Octopode Hedge Wizard on May 19, 2021.
             Slain by a goblin (4 damage)
             ... on level 1 of the Dungeon.
             The game lasted 00:02:24 (569 turns).

Goaboa the Sneak (Octopode Hedge Wizard)             Turns: 569, Time: 00:02:25

Health: -3/18      AC:  1    Str:  9    XL:     2   Next: 62%
Magic:  6/6        EV: 13    Int: 16    God:
Gold:   32         SH:  0    Dex: 11    Spells: 6/7 levels left

rFire    . . .     SeeInvis .   a - +0 dagger
rCold    . . .     Faith    .   (no shield)
rNeg     . . .     Spirit   .   b - +0 hat
rPois    .         Reflect  .   (no amulet)
rElec    .         Harm     .   (no ring)
rCorr    .         Rampage  .   (no ring)
Will     .....                  (no ring)
Stlth    +++.......             (no ring)
HPRegen  0.06/turn              (no ring)
MPRegen  0.10/turn              (no ring)
                                (no ring)
                                (no ring)

@: no status effects
A: almost no armour, stealthy swim, amphibious, 8 rings, constrict 8, camouflage
1, gelatinous body 1
a: no special abilities


You were on level 1 of the Dungeon.
You visited 1 branch of the dungeon, and saw 1 of its levels.

You collected 32 gold pieces.

Inventory:

Hand Weapons
 a - a +0 dagger (weapon)
Missiles
 e - 8 poisoned darts
Armour
 b - a +0 hat (worn)
Scrolls
 d - a scroll of enchant weapon {unknown}
Potions
 c - 3 potions of curing {unknown}


   Skills:
 + Level 0.8 Fighting
 + Level 2.3 Dodging
 + Level 3.2 Stealth
 - Level 3.0 Spellcasting
 - Level 1.0 Conjurations
 - Level 1.0 Summonings
 + Level 1.4 Translocations


You had 6 spell levels left.
You knew the following spells:

 Your Spells              Type           Power        Failure   Level
a - Magic Dart            Conj           20%          12%         1

Your spell library contained the following spells:

 Spells                   Type           Power        Failure   Level
 Blink                    Tloc           N/A          16%         2
 Call Imp                 Summ           5%           19%         2
 Slow                     Hex            2%           28%         2
 Conjure Flame            Conj/Fire      4%           41%         3
 Mephitic Cloud           Conj/Pois/Air  3%           43%         3


Dungeon Overview and Level Annotations

Branches:
Dungeon (1/15)

Altars:


Innate Abilities, Weirdness & Mutations

You cannot wear most types of armour.
You are very stealthy in the water. (Stealth+)
You are amphibious.
You can wear up to eight rings at the same time.
You can use your tentacles to constrict eight enemies at once.
Your skin changes colour to match your surroundings (Stealth+).
Your rubbery body absorbs attacks. (AC +1, EV +1)


Message History

The jackal misses you. x2; The goblin hits you.
The jackal bites you.
* * * LOW HITPOINT WARNING * * *
You hit the jackal but do no damage.
The jackal is severely wounded.
You constrict the jackal. The jackal closely misses you.
The goblin closely misses you. The jackal closely misses you.
The jackal bites you but does no damage.
You hit the jackal.
You kill the jackal!
The goblin misses you.
You hit the jackal but do no damage. Your grab misses the jackal.
The jackal bites you.
* * * LOW HITPOINT WARNING * * *
The goblin hits you but does no damage. The jackal closely misses you.
The jackal bites you.
* * * LOW HITPOINT WARNING * * *
You hit the jackal but do no damage. You grab the jackal.
You constrict the jackal, but do no damage.
The goblin hits you.
You die...

######..# .+
#...)...###.#
#......>....#
#.......##..####
#.......##.....##
#########.........
######.#######.
#...hhh# #.####@#
#g# #.# ..# ...
..## ##


You could see 3 jackals and a goblin.

Vanquished Creatures
  An ooze (D:1)
  A bat (D:1)
  3 goblins (D:1)
  2 hobgoblins (D:1)
  A jackal (D:1)
  A kobold (D:1)
  A frilled lizard (D:1)
  A rat (D:1)
11 creatures vanquished.

Notes
Turn   | Place    | Note
-------+----------+-------------------------------------------
     0 | D:1      | Goaboa the Octopode Hedge Wizard began the quest for the
                  | Orb.
     0 | D:1      | Reached XP level 1. HP: 11/11 MP: 4/4
   206 | D:1      | Reached XP level 2. HP: 6/18 MP: 6/6
   569 | D:1      | Slain by a goblin

Illustrated notes

Levels and vault maps discovered:
D:1:      mushboom_english_gardens, layout_basic, nrook_mini_vaults

Skill      XL: |  1 |
---------------+----+-----
Stealth        | 3 |  3.2
Fighting       | |  0.8
Dodging        | |  2.3
Spellcasting   | |  3.0
Conjurations   | |  1.0
Summonings     | |  1.0
Translocations | |  1.4

Action                   || total
-------------------------++-------
Melee: Dagger            ||    40
       Constrict         ||     9
       Tentacles         ||     7
Throw: Dart              ||     8
Armor: Skin              ||     5
Dodge: Dodged            ||    35
